 Dungeon Crawl Stone Soup version 0.30-a0-4-ga7cffc901d (webtiles) character file.

Game seed: 1292136770067123447

23 Setbun the Sneak (level 3, 0/20 HPs)
             Began as a Kobold Enchanter on Aug 20, 2022.
             Slain by an ogre
             ... wielding a +0 giant spiked club
              (12 damage)
             ... on level 3 of the Dungeon.
             The game lasted 00:00:57 (1510 turns).

Setbun the Sneak (Kobold Enchanter)                 Turns: 1510, Time: 00:00:57

Health: 0/20       AC:  7    Str:  5    XL:     3   Next: 12%
Magic:  6/6        EV: 15    Int: 16    God:
Gold:   105        SH:  0    Dex: 17    Spells: 6/6 levels left

rFire   . . .      SeeInvis .    a - +1 dagger
rCold   . . .      Faith    .    (no shield)
rNeg    . . .      Spirit   .    b - +0 robe
rPois   .          Reflect  .    (no helmet)
rElec   .          Harm     .    (no cloak)
rCorr   .          Rampage  .    (no gloves)
Will    .....                    n - +0 pair of boots
Stlth   ++++......               (no amulet)
HPRegen 0.06/turn                i - +4 ring of protection
MPRegen 0.10/turn                (no ring)

@: no status effects
A: small, no large weapons, nightstalker 3
a: no special abilities


You were on level 3 of the Dungeon.
You visited 1 branch of the dungeon, and saw 3 of its levels.

You collected 105 gold pieces.

Inventory:

Hand Weapons
 a - a +1 dagger (weapon)
Armour
 b - a +0 robe (worn)
 n - a +0 pair of boots (worn)
Jewellery
 i - a +4 ring of protection (left hand)
 m - a ring of flight
Wands
 o - a wand of charming (8)
Scrolls
 e - 5 scrolls of teleportation {unknown}
 g - a scroll of noise {unknown}
 h - a scroll of identify {unknown}
 r - a scroll of poison {unknown}
Potions
 c - 3 potions of invisibility
 d - a potion of attraction {unknown}
 f - a potion of heal wounds {unknown}
 j - a potion of flight {unknown}
 k - a potion of berserk rage {unknown}
 l - 2 potions of degeneration {unknown}
 p - a potion of mutation {unknown}
 q - a potion of brilliance {unknown}


   Skills:
 + Level 0.7 Fighting
 * Level 2.3 Short Blades
 + Level 2.6 Dodging
 + Level 4.2 Stealth
 + Level 2.4 Spellcasting
 + Level 3.1 Hexes


You had 6 spell levels left.
You didn't know any spells.
Your spell library contained the following spells:

 Spells                   Type           Power      Damage    Failure   Level
 Ensorcelled Hibernation  Hex/Ice        12%        N/A       16%         2
 Confusing Touch          Hex            12%        N/A       16%         3
 Tukima's Dance           Hex            12%        N/A       16%         3
 Dazzling Flash           Conj/Hex       12%        N/A       30%         3


Dungeon Overview and Level Annotations

Branches:
Dungeon (3/15)

Altars:


Innate Abilities, Weirdness & Mutations

You are small and have problems with some larger weapons.
You are completely attuned to the shadows.


Message History

The dart slug is moderately wounded.
The dart slug bites you but does no damage.
You hit the dart slug but do no damage.
The dart slug is moderately wounded.
The dart slug launches a dart at you. The slug dart hits you.
You hit the dart slug.
The dart slug is severely wounded.
A dart slug is nearby!
A dart slug is nearby!
A dart slug is nearby!
You hit the dart slug.
You kill the dart slug!
HP restored.
You now have 93 gold pieces (gained 11).
You now have 105 gold pieces (gained 12).
An ogre comes into view. It is wielding a +0 giant spiked club.
The ogre shouts!
An ogre is nearby!
An ogre is nearby!
You hit the ogre.
The ogre is lightly wounded.
The ogre hits you with a +0 giant spiked club!
You barely miss the ogre.
The ogre is lightly wounded.
You hit the ogre.
The ogre is lightly wounded.
The ogre closely misses you.
You hit the ogre.
The ogre is moderately wounded.
You hit the ogre.
The ogre is moderately wounded.
The ogre closely misses you.
You hit the ogre.
The ogre is moderately wounded.
You hit the ogre. Your punch misses the ogre.
The ogre is moderately wounded.
The ogre hits you with a +0 giant spiked club!
Ouch! That really hurt!
You die...

#.#
#.##.# #
#.##.#
####
####.##.#
....
........#
#####
####.####
#... ..
.......#
#.###.#
####.#.#
.......
#.#.#
.......#
#.#@#
#..##..#
#.#O#
##.##..#
#.#
#.##..#
#..
##.##..#
##.
.....<.##
........#
##.###..#
##.# ##.#


You could see an ogre.

Vanquished Creatures
  A worm (D:2)
  2 dart slugs
  3 endoplasms
  3 goblins (D:1)
  A hobgoblin (D:3)
  2 bats (D:2)
  A frilled lizard (D:1)
  3 rats
16 creatures vanquished.

Notes
Turn   | Place    | Note
-------+----------+-------------------------------------------
     0 | D:1      | Setbun the Kobold Enchanter began the quest for the Orb.
     0 | D:1      | Reached XP level 1. HP: 10/10 MP: 3/3
    73 | D:1      | Found a faded altar of an unknown god.
   226 | D:1      | Reached XP level 2. HP: 16/16 MP: 5/5
  1244 | D:2      | You fall into a shaft and drop 1 floor!
  1353 | D:3      | Reached XP level 3. HP: 20/20 MP: 6/6
  1502 | D:3      | Noticed an ogre
  1510 | D:3      | Slain by an ogre

Illustrated notes

Levels and vault maps discovered:
D:1:      erik_arrival_blinker_ship, layout_basic, ebering_ecumenical_altar_webs
D:2:      layout_loops_ring, uniq_natasha
D:3:      layout_loops_ring, serial_bayou_pond_e, serial_bayou_pond_b

Skill      XL: |  1  2 |
---------------+-------+-----
Short Blades   | 2 |  2.3
Fighting       | |  0.7
Dodging        | |  2.6
Stealth        | |  4.2
Spellcasting   | |  2.4
Hexes          | |  3.1

Action                   || total
-------------------------++-------
Melee: Dagger            ||    40
       Punch             ||     1
 Stab: Sleeping          ||    12
Armor: Robe              ||     4
Dodge: Dodged            ||    15

Table legend: (Time is in decaauts)
 A = Elapsed time spent in this place.
 B = Non-inter-level travel time spent in this place.
 C = Inter-level travel time spent in this place.
 D = Time resting spent in this place.
 E = Time spent auto-exploring this place.
 F = Levels seen in this place.
 G = Mean time per level.
                   A        B        C        D        E       F      G
               +--------+--------+--------+--------+--------+-----+--------+
         Total |   1504 |   1466 |     38 |      0 |   1315 |   3 |  501.3 |
       Dungeon |   1504 |   1466 |     38 |      0 |   1315 |   3 |  501.3 |
               +--------+--------+--------+--------+--------+-----+--------+

Top non-repeatable levels by time:
     D:1: 795 daAuts
     D:2: 445 daAuts
     D:3: 264 daAuts
